[Event "Late-Titled-Tuesday-Blitz-September-26-2023"]
[Site "Chess.com"]
[Date "2023.09.26"]
[Round "5"]
[White "micke12a"]
[Black "canary2016"]
[Result "1-0"]
[WhiteElo "2342"]
[BlackElo "2124"]
[TimeControl "180+1"]
[EndTime "14:53:16 PDT"]
[Termination "micke12a won by resignation"]

1. e4 c5 2. Nf3 d6 3. d4 cxd4 4. Qxd4 Nc6 5. Qe3 Bg4 6. h3 Bh5 7. Be2 Nf6 8. O-O e6 9. Rd1 Qc7 10. c4 Be7 11. Nc3 O-O 12. b3 Rfd8 13. Bb2 Rac8 14. Rac1 Nd7 15. Nd5 exd5 16. cxd5 Qb6 17. Qxb6 Nxb6 18. dxc6 bxc6 19. Nd4 Bxe2 20. Nxe2 Bg5 21.
f4 Be7 22. Nd4 Bf6 23. Ba3 c5 24. Nf5 g6 25. Nxd6 Bd4+ 26. Rxd4 cxd4 27. Nxc8 Nxc8 28. Kf2 Nb6 29. Ke2 Nd7 30. Kd3 Nf6 31. Be7 1-0

[Event "Late-Titled-Tuesday-Blitz-September-26-2023"]
[Site "Chess.com"]
[Date "2023.09.26"]
[Round "5"]
[White "acertijo08"]
[Black "Nor1lsk"]
[Result "0-1"]
[WhiteElo "2396"]
[BlackElo "2757"]
[TimeControl "180+1"]
[EndTime "14:53:19 PDT"]
[Termination "Nor1lsk won by resignation"]

1. e4 c5 2. Nf3 e6 3. d4 cxd4 4. Nxd4 Nf6 5. Nc3 Nc6 6. Ndb5 Bc5 7. Bf4 O-O 8. Bc7 Qe7 9. Bd6 Bxd6 10. Qxd6 Qd8 11.
Qc7 Qe7 12. Qd6 Qd8 13. Qc7 d5 14. Qxd8 Rxd8 15. exd5 exd5 16. O-O-O d4 17. Nb1 Ne4 18. Bc4 Nxf2 19. Rhf1 Nxd1 20. Bxf7+ Kh8 21. Rxd1 Bg4 22. Rd2 Rf8 23. Bc4 Ne5 24. b3 Nxc4 25. bxc4 Rf1+ 26. Kb2 Rd1 27. Rxd1 Bxd1 28. Nxd4 Rf8 29. Nc3 Bh5 30. h3 Rf2 31. g4 Bf7 32. Ne4 Rh2 33. Nd6 Kg8 34. c5 Bd5 35. a4 Rxh3 36. c4 Bh1 37. a5 a6 38. Ne6 Re3 39. Nd8 Re7 40. Kc3 g6 41. Kd4 h5 42. g5 h4 43. Ne4 Rd7+ 44.
Ke5 Rxd8 45. Nf6+ Kf7 0-1

[Event "Late-Titled-Tuesday-Blitz-September-26-2023"]
[Site "Chess.com"]
[Date "2023.09.26"]
[Round "5"]
[White "MagnusCarlsen"]
[Black "OparinGrigoriy"]
[Result "1-0"]
[WhiteElo "3285"]
[BlackElo "2977"]
[TimeControl "180+1"]
[EndTime "14:53:20 PDT"]
[Termination "MagnusCarlsen won by resignation"]

1. e4 c5 2. Nf3 e6 3. a3 Nc6 4. b4 cxb4 5. axb4 Bxb4 6. c3 Be7 7. d4 d5 8. e5 Nh6 9. Bd3 Nf5 10. O-O O-O 11. Nbd2 a5 12. g4 Nh4 13. Nxh4 Bxh4 14. f4 Be7 15. Nf3 f5 16. gxf5 exf5 17. Kh1 b6 18.
Rg1 Ba6 19. Bxa6 Rxa6 20. Ra2 Qc8 21. Rag2 Rf7 22. Qb3 Qe6 23. Qb5 Ra8 24. Ba3 Rd8 25. Bxe7 Rxe7 26. Qxb6 Qc8 27. h4 a4 28. Qc5 Ra7 29. c4 Qe6 30. Qxa7 Nxa7 31. Rxg7+ Kh8 32.
Ng5 1-0

[Event "Late-Titled-Tuesday-Blitz-September-26-2023"]
[Site "Chess.com"]
[Date "2023.09.26"]
[Round "5"]
[White "krzyzan94"]
[Black "ValeriyGrinev"]
[Result "0-1"]
[WhiteElo "2800"]
[BlackElo "2574"]
[TimeControl "180+1"]
[EndTime "14:53:20 PDT"]
[Termination "ValeriyGrinev won on time"]

1. Nf3 c5 2. g3 Nc6 3. Bg2 g6 4. O-O Bg7 5. e4 d6 6. d3 e5 7.
a3 a5 8. a4 Nge7 9. Na3 O-O 10. Nc4 h6 11. c3 Be6 12. Nh4 d5 13. exd5 Bxd5 14. Qe2 Bxg2 15. Nxg2 Re8 16. h4 Nf5 17. h5 g5 18. Nge3 Nd6 19. Nxd6 Qxd6 20. Nf5 Qe6 21. Qe4 Rad8 22. Be3 b6 23. Rfe1 Ne7 24. Nxe7+ Rxe7 25. b4 f5 26. Qc4 Qxc4 27. dxc4 f4 28. Bc1 e4 29.
Ra3 axb4 30. cxb4 cxb4 31. Rb3 Bc3 32. Rf1 e3 33. fxe3 fxe3 34. Bxe3 Rxe3 35. Kg2 Rd2+ 36. Kh3 Rdd3 37. Kg4 Rxg3+ 38. Kf5 Rgf3+ 39. Rxf3 Rxf3+ 40. Ke4 Rf1 41. c5 bxc5 42. Kd5 g4 43. a5 g3 0-1

[Event "Late-Titled-Tuesday-Blitz-September-26-2023"]
[Site "Chess.com"]
[Date "2023.09.26"]
[Round "5"]
[White "Yushko_Olga"]
[Black "rikchessmx"]
[Result "0-1"]
[WhiteElo "2041"]
[BlackElo "2359"]
[TimeControl "180+1"]
[EndTime "14:53:24 PDT"]
[Termination "rikchessmx won by checkmate"]

1. d4 Nf6 2. c4 e6 3. Nc3 d5 4. e3 c6 5. Nf3 Nbd7 6. Be2 Bd6 7.
O-O Qe7 8. cxd5 exd5 9. a3 O-O 10.
b4 a6 11. Bb2 Re8 12. Bd3 Ne4 13.
Rc1 Ndf6 14. Qc2 Bg4 15. Ne5 Bc8 16. Nxe4 dxe4 17. Bxe4 Nxe4 18. Qxe4 f6 19. f4 fxe5 20. fxe5 Bc7 21. d5 cxd5 22. Qxd5+ Be6 23. Qxb7 Rac8 24. Qxa6 Qg5 25. Bd4 Bxe5 26. Rxc8 Bxc8 27. Qc4+ Kh8 28.
Qc6 Qe7 29. Bc5 Qd7 30. Qe4 Bb7 31. Qxe5 h6 32. Rf8+ Rxf8 33. Bxf8 Kg8 34. Bd6 Qg4 35.
Qe8+ Kh7 36. e4 Bxe4 37. Bg3 Qe2 38. Qf7 Qxg2# 0-1

[Event "Late-Titled-Tuesday-Blitz-September-26-2023"]
[Site "Chess.com"]
[Date "2023.09.26"]
[Round "5"]
[White "lefonghua"]
[Black "DeArron_Fox"]
[Result "1-0"]
[WhiteElo "2637"]
[BlackElo "2474"]
[TimeControl "180+1"]
[EndTime "14:53:28 PDT"]
[Termination "lefonghua won on time"]

1. d4 d5 2. c4 e6 3. Nc3 Nf6 4. cxd5 exd5 5. Bg5 c6 6. e3 Be7 7. Bd3 Nbd7 8. Qc2 Nh5 9. Bxe7 Qxe7 10. Nge2 g6 11.
O-O O-O 12. Rae1 Ndf6 13. Nc1 Ng7 14. f3 Re8 15. Qf2 Nf5 16. Re2 c5 17. dxc5 Qxc5 18. Nb3 Qb6 19. Nd4 Nxd4 20. exd4 Rxe2 21. Bxe2 Bf5 22.
g4 Be6 23. Rd1 Re8 24. Bb5 Bd7 25. Bd3 Bc6 26. Kg2 Qd8 27. Re1 Kg7 28. Re5 Nd7 29. Re3 Rxe3 30. Qxe3 Qf6 31. f4 Qe6 32. Qxe6 fxe6 33.
Kf2 h6 34. Ke3 g5 35. Ne2 Kf6 36. Ng3 gxf4+ 37. Kxf4 e5+ 38. dxe5+ Nxe5 39. Nh5+ Ke6 40. Bf5+ Kd6 41. Nf6 d4 42. Ng8 Nf7 43. Bg6 Ne5 44.
Bh5 Nc4 45. b3 Nd2 46. Nxh6 d3 47. Ke3 Nf1+ 48. Kxd3 Nxh2 49. g5 Nf1 50. Nf5+ 1-0

[Event "Late-Titled-Tuesday-Blitz-September-26-2023"]
[Site "Chess.com"]
[Date "2023.09.26"]
[Round "5"]
[White "RonArtest77"]
[Black "PepeCuenca"]
[Result "0-1"]
[WhiteElo "2490"]
[BlackElo "2693"]
[TimeControl "180+1"]
[EndTime "14:53:29 PDT"]
[Termination "PepeCuenca won by resignation"]

1. d4 Nf6 2. Bg5 d5 3. e3 Ne4 4. h4 c5 5. Nd2 Nxg5 6. hxg5 Nc6 7. Bb5 cxd4 8. exd4 Bf5 9. Qf3 e6 10. Nh3 Qb6 11. Bxc6+ bxc6 12. Nb3 Bxc2 13. O-O Be4 14. Qg3 Be7 15. Rfe1 O-O 16. Kh2 a5 17. Nf4 Bd6 18. Nc5 Qc7 19. Qh4 Bxf4+ 20. g3 Bd6 21. Nxe4 dxe4 22.
Rxe4 f6 23. Rxe6 fxg5 0-1

[Event "Late-Titled-Tuesday-Blitz-September-26-2023"]
[Site "Chess.com"]
[Date "2023.09.26"]
[Round "5"]
[White "MMSANCHEZ"]
[Black "hansen"]
[Result "1-0"]
[WhiteElo "2679"]
[BlackElo "2912"]
[TimeControl "180+1"]
[EndTime "14:53:36 PDT"]
[Termination "MMSANCHEZ won on time"]

1. d4 Nf6 2. Nf3 g6 3. c4 Bg7 4. Nc3 d5 5. Bg5 Ne4 6. Bf4 Nxc3 7. bxc3 dxc4 8. e3 Be6 9. Qb1 Bd5 10. e4 Bc6 11. Bxc4 O-O 12. O-O e6 13. Ne5 Qc8 14. Nxc6 Nxc6 15. Qb5 a6 16. Qc5 Rd8 17. Rab1 e5 18.
dxe5 Qg4 19. Bg3 Qxe4 20. Rfe1 Qf5 21. Rxb7 Nb8 22. Rxc7 Nd7 23. Qe7 Bf8 24. Qh4 1-0

[Event "Late-Titled-Tuesday-Blitz-September-26-2023"]
[Site "Chess.com"]
[Date "2023.09.26"]
[Round "5"]
[White "Kostukov_Alex"]
[Black "Arteler"]
[Result "0-1"]
[WhiteElo "2411"]
[BlackElo "2577"]
[TimeControl "180+1"]
[EndTime "14:53:37 PDT"]
[Termination "Arteler won on time"]

1. g3 d5 2. Bg2 c6 3. d3 Nf6 4. e4 dxe4 5. dxe4 Qc7 6. Qe2 e5 7. Nf3 h5 8. O-O Bg4 9. h3 Bxf3 10.
Qxf3 h4 11. g4 Nbd7 12. b3 Nc5 13. Re1 Ne6 14. Nd2 O-O-O 15. Nc4 b5 16. Nb2 Bb4 17. c3 Nd4 18. cxd4 Bxe1 19. Qf5+ Qd7 20. dxe5 Qxf5 21. exf5 Nd5 22. Bg5 f6 23. Bxd5 Rxd5 24. exf6 Bc3 0-1

[Event "Late-Titled-Tuesday-Blitz-September-26-2023"]
[Site "Chess.com"]
[Date "2023.09.26"]
[Round "5"]
[White "fyall777"]
[Black "NicholasTakano"]
[Result "1-0"]
[WhiteElo "2569"]
[BlackElo "2408"]
[TimeControl "180+1"]
[EndTime "14:53:41 PDT"]
[Termination "fyall777 won on time"]

1. d4 Nf6 2. c4 g6 3. Nf3 Bg7 4. g3 d6 5. Bg2 O-O 6. O-O Nbd7 7. Nc3 e5 8. e3 c6 9. b3 Re8 10. Ba3 exd4 11. Nxd4 Nc5 12. Rc1 Qc7 13. b4 Ne6 14. Nd5 Qd8 15. Nxe6 Bxe6 16. Nxf6+ Bxf6 17. b5 cxb5 18. cxb5 Bxa2 19. Bxb7 Be6 20. Qxd6 Qb8 21. Qc6 Bh3 22.
Rfd1 Re6 23. Bd6 Rxd6 24. Rxd6 Be7 25. Rdd1 Qe5 26. Bxa8 h5 27. Qe4 1-0

[Event "Late-Titled-Tuesday-Blitz-September-26-2023"]
[Site "Chess.com"]
[Date "2023.09.26"]
[Round "5"]
[White "RebecaJimnz"]
[Black "Chessdude1987"]
[Result "1-0"]
[WhiteElo "2204"]
[BlackElo "2411"]
[TimeControl "180+1"]
[EndTime "14:53:41 PDT"]
[Termination "RebecaJimnz won by resignation"]

1. e4 e6 2. d3 c5 3. Nd2 d5 4.
Ngf3 Nc6 5. g3 Nf6 6. Bg2 Be7 7.
O-O b5 8. Re1 b4 9. e5 Nd7 10.
Nf1 g5 11. c3 g4 12. N3d2 Ndxe5 13. d4 Nd3 14. Re3 Nxc1 15. Rxc1 cxd4 16. cxd4 Nxd4 17. Qxg4 Nf5 18. Ree1 Ba6 19. Nb3 Bc4 20. Rxc4 dxc4 21. Bxa8 cxb3 22. Bc6+ Kf8 23. axb3 Qb6 24. Be4 Bc5 25. Qf4 Nd4 26. Nd2 h6 27. Nc4 Be7 28. Nxb6 1-0

[Event "Late-Titled-Tuesday-Blitz-September-26-2023"]
[Site "Chess.com"]
[Date "2023.09.26"]
[Round "5"]
[White "rose107"]
[Black "leotobares"]
[Result "1-0"]
[WhiteElo "2131"]
[BlackElo "2341"]
[TimeControl "180+1"]
[EndTime "14:53:41 PDT"]
[Termination "rose107 won by checkmate"]

1. e4 e6 2. d4 d5 3. e5 c5 4. c3 Nc6 5. Nf3 f6 6. Bb5 f5 7. O-O Ne7 8. Ng5 h6 9. Nh3 Qb6 10.
Bxc6+ bxc6 11. Nf4 g6 12. b3 Kf7 13. Be3 cxd4 14.
cxd4 Ba6 15. Re1 Qa5 16. Bd2 Qb6 17. Be3 Bg7 18. Nc3 Qa5 19. Na4 Bb5 20. Nc5 Nc8 21.
Nfxe6 Re8 22. Nxg7 Kxg7 23. Qc1 Rh8 24. Ne6+ Kf7 25. Nc5 Kg7 26. Bf4 Ne7 27. e6 Kh7 28.
Bxh6 Bd3 29. Qg5 Qc7 30. Nd7 Qd6 31. Nf6# 1-0

[Event "Late-Titled-Tuesday-Blitz-September-26-2023"]
[Site "Chess.com"]
[Date "2023.09.26"]
[Round "5"]
[White "Inepton_Fermion"]
[Black "Gyulamiryan-koryun"]
[Result "1-0"]
[WhiteElo "2356"]
[BlackElo "2018"]
[TimeControl "180+1"]
[EndTime "14:53:45 PDT"]
[Termination "Inepton_Fermion won on time"]

1. Nf3 Nf6 2. b3 g6 3. Bb2 Bg7 4. g3 O-O 5. Bg2 c6 6. c4 e6 7.
O-O d5 8. d4 Nbd7 9. Nc3 Re8 10. e3 Nf8 11. Qe2 Rb8 12. Rfe1 a6 13. Rad1 b5 14. c5 b4 15. Na4 a5 16. Nb6 Rxb6 17.
cxb6 Qxb6 18. Rc1 Ba6 19. Qc2 Rc8 20. Ne5 Ne4 21. Bxe4 dxe4 22. Qxe4 Bb7 23. Qf4 f6 24. Nc4 Qd8 25. Qd6 Qc7 26. Qxc7 Rxc7 27. Nxa5 Ba8 28. a4 Nd7 29. Rc2 Nb6 30. Rec1 Nd5 31. Nxc6 Nc3 32. Nxb4 1-0

[Event "Late-Titled-Tuesday-Blitz-September-26-2023"]
[Site "Chess.com"]
[Date "2023.09.26"]
[Round "5"]
[White "cassoulet"]
[Black "brm72"]
[Result "0-1"]
[WhiteElo "2739"]
[BlackElo "2510"]
[TimeControl "180+1"]
[EndTime "14:53:46 PDT"]
[Termination "brm72 won by checkmate"]

1. d4 Nf6 2. Bg5 Ne4 3. Bf4 d5 4.
Nd2 Bf5 5. Ngf3 e6 6. c3 c5 7. e3 Nc6 8. Bb5 Qb6 9. Qa4 a6 10. Bxc6+ Qxc6 11. Qxc6+ bxc6 12. Nxe4 Bxe4 13. Ne5 Rc8 14.
f3 Bg6 15. h4 f6 16. Nxg6 hxg6 17. O-O-O Kd7 18. e4 cxd4 19. cxd4 c5 20. dxc5 Rxc5+ 21. Kb1 e5 22. Bg3 d4 23. Rd3 Bd6 24. Ra3 a5 25.
Rb3 Rhc8 26. a3 a4 27. Rb7+ R8c7 28. Rxc7+ Rxc7 29. Be1 Rb7 30. Kc2 Rb3 31. Bd2 f5 32. Re1 Ke6 33. Bc1 Be7 34. exf5+ gxf5 35. h5 Kd5 36. h6 gxh6 37. Bxh6 e4 38. fxe4+ fxe4 39. Bc1 d3+ 40. Kd1 Bf6 41. Rh1 Bxb2 42. Rh5+ Kd4 43.
Bh6 Bxa3 44. Bg7+ Kc4 45. Rh4 Rb1+ 46. Kd2 Bc1+ 47. Ke1 Be3# 0-1

[Event "Late-Titled-Tuesday-Blitz-September-26-2023"]
[Site "Chess.com"]
[Date "2023.09.26"]
[Round "5"]
[White "NotFischer"]
[Black "Gogolev_Artemy"]
[Result "0-1"]
[WhiteElo "2247"]
[BlackElo "2401"]
[TimeControl "180+1"]
[EndTime "14:53:46 PDT"]
[Termination "Gogolev_Artemy won on time"]

1. e4 c6 2. d4 d5 3. exd5 cxd5 4.
Bd3 Nc6 5. c3 Nf6 6. Bf4 Bg4 7.
Qb3 Qd7 8. Nd2 e6 9. Ngf3 Bd6 10. Bxd6 Qxd6 11. O-O O-O 12. Rae1 Ne7 13. Ne5 Bf5 14. Be2 b5 15. Ndf3 Rfb8 16. Nh4 a5 17. Nxf5 Nxf5 18. Qc2 b4 19. Bd3 Ne7 20. Re3 bxc3 21. bxc3 Rc8 22.
Rh3 Ng6 23. f4 Rc7 24. f5 Nxe5 25. dxe5 Qxe5 26. fxe6 h6 27. exf7+ Rxf7 28. c4 Rc7 29. Rc1 Rac8 30. Qb3 dxc4 31. Bxc4+ Rxc4 0-1

[Event "Late-Titled-Tuesday-Blitz-September-26-2023"]
[Site "Chess.com"]
[Date "2023.09.26"]
[Round "5"]
[White "pedromartinez91"]
[Black "IlanSchnaider"]
[Result "0-1"]
[WhiteElo "2548"]
[BlackElo "2813"]
[TimeControl "180+1"]
[EndTime "14:53:47 PDT"]
[Termination "IlanSchnaider won by resignation"]

1. e4 c5 2. Nf3 d6 3. d4 cxd4 4.
Nxd4 Nf6 5. Nc3 a6 6. a4 e5 7. Nf3 Be7 8. Bg5 Be6 9. Bxf6 Bxf6 10. Nd5 Bxd5 11. Qxd5 Nc6 12. Bc4 O-O 13. c3 Rc8 14.
O-O Ne7 15. Qd3 Ng6 16. g3 a5 17. Rfd1 Qb6 18. Bd5 Qxb2 19. c4 Qb6 20. Rab1 Qd8 21. Bxb7 Rc7 22. Ba6 Be7 23. h4 h5 24. Rb7 Rxb7 25.
Bxb7 Qd7 26. Bd5 Qxa4 27. Rb1 Bf6 28. Qc3 Ne7 29. Ra1 Qb4 30. Qxb4 axb4 31. Rb1 Nxd5 32. exd5 e4 33. Nd2 Re8 34. Nb3 e3 35. Re1 e2 36.
Nc1 b3 0-1

[Event "Late-Titled-Tuesday-Blitz-September-26-2023"]
[Site "Chess.com"]
[Date "2023.09.26"]
[Round "5"]
[White "bazar-wokzal"]
[Black "sergoy"]
[Result "0-1"]
[WhiteElo "2677"]
[BlackElo "2950"]
[TimeControl "180+1"]
[EndTime "14:53:49 PDT"]
[Termination "sergoy won by resignation"]

1. e4 c6 2. d4 d5 3. f3 Qb6 4. Nc3 dxe4 5. fxe4 e5 6. Nf3 exd4 7. Qxd4 Qxd4 8.
Nxd4 Nf6 9. e5 Ng4 10. Bf4 Bc5 11. Rd1 O-O 12. Ne4 Bxd4 13. Rxd4 Nd7 14. e6 fxe6 15. Bd6 Re8 16. Bc4 Ne3 17. Bb3 Nxg2+ 18. Kf2 Nh4 19. Ng5 Nf5 20. Bxe6+ Rxe6 21. Nxe6 Nxd4 22. Nxd4 Nf6 23.
Re1 Bd7 24. Re7 Re8 25. Rxe8+ Bxe8 26. Bb8 a6 27. c4 Bd7 28. Kf3 Kf7 29. Bd6 g5 30. b4 h5 31. a4 Be6 32. b5 Bxc4 33.
bxc6 bxc6 34. h4 Bd5+ 35. Ke2 gxh4 36. Nf5 h3 37. Bc7 Ng4 0-1

[Event "Late-Titled-Tuesday-Blitz-September-26-2023"]
[Site "Chess.com"]
[Date "2023.09.26"]
[Round "5"]
[White "JG-17"]
[Black "Bodhanas"]
[Result "1-0"]
[WhiteElo "2509"]
[BlackElo "2089"]
[TimeControl "180+1"]
[EndTime "14:53:50 PDT"]
[Termination "JG-17 won by resignation"]

1. e4 e6 2. d4 d5 3. Bd3 dxe4 4. Bxe4 Nf6 5. Bf3 Bd6 6. Ne2 O-O 7. O-O c6 8. c4 e5 9. Nbc3 Bf5 10. Bg5 Nbd7 11.
Ng3 Bg6 12. Re1 Re8 13. Qd2 h6 14. Bxf6 Nxf6 15. d5 cxd5 16. Nxd5 Nxd5 17. Bxd5 Qc7 18. Rad1 Rad8 19. h4 Bc5 20. h5 Bh7 21. Qe2 b6 22. Qf3 Bd4 23. b3 a6 24. Rd2 e4 25. Bxe4 Bxe4 26.
Rxe4 Rxe4 27. Nxe4 Be5 28. Qe2 Rxd2 29. Qxd2 b5 30. Qd5 bxc4 31. Qxc4 Qxc4 32. bxc4 Kf8 33. Nc5 Bd6 34. Nxa6 Ke7 35. c5 Be5 36. Nb4 Ke6 37.
Kf1 Bc3 38. a3 Ke5 39. Ke2 Bd4 40. Nc6+ Kd5 41. Nxd4 Kxd4 42. c6 Kd5 43. c7 Ke6 44. c8=Q+ Ke7 45. a4 g6 46. a5 gxh5 47. a6 Kf6 48. a7 Kg7 49. a8=Q Kg6 50. Qe4+ 1-0

[Event "Late-Titled-Tuesday-Blitz-September-26-2023"]
[Site "Chess.com"]
[Date "2023.09.26"]
[Round "5"]
[White "vugarrasulov"]
[Black "Andrei_Skvortsov"]
[Result "1-0"]
[WhiteElo "2949"]
[BlackElo "2673"]
[TimeControl "180+1"]
[EndTime "14:53:55 PDT"]
[Termination "vugarrasulov won by resignation"]

1. c4 g6 2. Nc3 Bg7 3. g3 e6 4. Bg2 Ne7 5. Nf3 d5 6. d4 O-O 7. b3 Nbc6 8. cxd5 exd5 9. O-O Nb8 10. Bf4 c6 11. h4 Nd7 12. h5 Nf6 13. h6 Bh8 14. Rc1 Nf5 15. Ne5 Re8 16. b4 a6 17.
a4 Nxd4 18. Qxd4 Ng4 19. Nxc6 bxc6 20. Qc5 Bb7 21. b5 axb5 22. axb5 cxb5 23. Nxd5 Bb2 24. Rcd1 Qa5 25. Ne7+ Rxe7 26. Qxe7 Bxg2 27. Kxg2 Ba3 28.
Qe4 Bf8 29. Ra1 Qxa1 30. Rxa1 Rxa1 31. Qe8 Ra6 32. Qxb5 Re6 33. f3 Nxh6 34. e4 Kg7 35. Qb2+ f6 36. Qb3 Re7 37. Bxh6+ Kxh6 38. Qg8 Bg7 39. Qd8 Re5 40. Qd2+ g5 41. Qd7 Kg6 42. Kf2 h5 43. Ke3 Bf8 44. f4 gxf4+ 45. gxf4 Rc5 46. f5+ Kh6 47. Qf7 Rc3+ 48. Kd4 Rg3 49. Qxf6+ 1-0

[Event "Late-Titled-Tuesday-Blitz-September-26-2023"]
[Site "Chess.com"]
[Date "2023.09.26"]
[Round "5"]
[White "Mikhail_Bryakin"]
[Black "Orest_Vovk"]
[Result "1-0"]
[WhiteElo "2847"]
[BlackElo "2578"]
[TimeControl "180+1"]
[EndTime "14:53:55 PDT"]
[Termination "Mikhail_Bryakin won by resignation"]

1. e4 g5 2. Qh5 Nf6 3. Qxg5 Nxe4 4. Qh4 d5 5. Nc3 Nf6 6. d4 Rg8 7. h3 Bf5 8. Bg5 Ne4 9. Nxe4 Bxe4 10. O-O-O Qd6 11.
f3 Rxg5 12. fxe4 Qh6 13. Qxh6 Bxh6 14. exd5 Rxg2+ 15. Kb1 Rd2 16. Rxd2 Bxd2 17. Nf3 Be3 18. c3 Nd7 19. Kc2 O-O-O 20. Bd3 Nf6 21. Ne5 Nxd5 22. Bxh7 f6 23. Ng4 Bg5 24. Bf5+ Kb8 25. h4 Ne3+ 26. Nxe3 Bxe3 27. h5 e5 28. h6 exd4 29. h7 Rh8 30. Rh4 c5 31. Re4 Kc7 32. Re7+ Kd6 33. Rg7 c4 34.
cxd4 Bxd4 35. Rg8 Ke5 36. Rxh8 Kxf5 37. Rg8 1-0

[Event "Late-Titled-Tuesday-Blitz-September-26-2023"]
[Site "Chess.com"]
[Date "2023.09.26"]
[Round "5"]
[White "Alex_Banzea"]
[Black "slorovel"]
[Result "1-0"]
[WhiteElo "2631"]
[BlackElo "2466"]
[TimeControl "180+1"]
[EndTime "14:53:57 PDT"]
[Termination "Alex_Banzea won by resignation"]

1. d4 g6 2. Nc3 Bg7 3. e4 d6 4. Be3 Nf6 5. Qd2 c6 6. Bh6 Bxh6 7. Qxh6 Nbd7 8. Nf3 b5 9. Bd3 e5 10. O-O Qb6 11.
dxe5 dxe5 12. a4 b4 13. a5 Qc7 14. Ne2 c5 15. b3 Bb7 16. Ng3 O-O-O 17. Nd2 Ng4 18.
Qg5 h5 19. h3 Ngf6 20. Nc4 h4 21. Ne2 Bxe4 22. Bxe4 Nxe4 23. Qe7 Rhf8 24. Rfd1 f5 25. Qxh4 Ndf6 26. f3 Rxd1+ 27. Rxd1 g5 28. Qh6 Rd8 29. Re1 Ng8 30. Qe6+ Kb8 31. fxe4 fxe4 32. Nxe5 Ne7 33. Qxe7 1-0

[Event "Late-Titled-Tuesday-Blitz-September-26-2023"]
[Site "Chess.com"]
[Date "2023.09.26"]
[Round "5"]
[White "jinxy2009"]
[Black "KamlaPasand"]
[Result "0-1"]
[WhiteElo "2296"]
[BlackElo "2439"]
[TimeControl "180+1"]
[EndTime "14:53:59 PDT"]
[Termination "KamlaPasand won by resignation"]

1. e4 e5 2. Nf3 Nc6 3. Bb5 a6 4.
Ba4 Nf6 5. O-O b5 6. Bb3 Bb7 7. d4 d6 8. Ng5 d5 9. dxe5 Nxe4 10. Nxf7 Kxf7 11. Bxd5+ Ke8 12. Bxe4 Qxd1 13. Rxd1 Bc5 14.
Bf4 Rf8 15. Bg3 Rb8 16. Nc3 Nd4 17. Bxb7 Rxb7 18. Rd2 Bb6 19. a4 b4 20. Ne4 b3 21.
c3 Nc2 22. Rad1 Rb8 23. Rd7 Rf7 24. Rxf7 Kxf7 25. h4 Ke7 26. h5 Rf8 27. Bh4+ Ke6 28. Bg3 h6 29. Kh2 a5 30. f4 Kf5 31.
Nd2 Ne3 32. Re1 Ng4+ 33. Kh1 Bf2 34. Bxf2 Nxf2+ 35. Kg1 Nd3 36. g3 Nxe1 37. Kf2 Nd3+ 38.
Ke3 Nxb2 39. Nf3 Nxa4 40. Nd4+ Kg4 41. Kf2 b2 42. Nc2 b1=Q 43. Ne3+ Kh3 0-1

[Event "Late-Titled-Tuesday-Blitz-September-26-2023"]
[Site "Chess.com"]
[Date "2023.09.26"]
[Round "5"]
[White "realmadridfc123"]
[Black "victormago"]
[Result "1-0"]
[WhiteElo "2790"]
[BlackElo "2526"]
[TimeControl "180+1"]
[EndTime "14:54:00 PDT"]
[Termination "realmadridfc123 won by resignation"]

1. c4 e5 2. Nc3 Nc6 3. g3 g6 4. Bg2 Bg7 5. e3 f5 6. Nge2 Nf6 7. O-O O-O 8. b3 d6 9. Bb2 a6 10. a3 h6 11. b4 e4 12. d3 exd3 13. Qxd3 Ne5 14.
Qd1 Kh7 15. Nd5 Nxc4 16. Bxf6 Bxf6 17. Nxf6+ Qxf6 18. Rc1 Nxa3 19. Rxc7+ Rf7 20. Rxf7+ Qxf7 21. Qxd6 Nb5 22. Qd3 Be6 23. Rc1 Qe7 24. Nf4 Bf7 25. h4 Rd8 26. Qb1 Na3 27. Qa1 Nc4 28. h5 g5 29. Ng6 Qd6 30. Bxb7 Bxg6 31. hxg6+ Kxg6 32. Rxc4 1-0

[Event "Late-Titled-Tuesday-Blitz-September-26-2023"]
[Site "Chess.com"]
[Date "2023.09.26"]
[Round "5"]
[White "wild3000"]
[Black "Zavgorodniy_Sergiy"]
[Result "1-0"]
[WhiteElo "2344"]
[BlackElo "2578"]
[TimeControl "180+1"]
[EndTime "14:54:00 PDT"]
[Termination "wild3000 won by resignation"]

1. d4 c5 2. d5 d6 3. e4 a6 4. a4 g6 5. h4 h5 6. c4 Bg7 7. Nf3 e6 8. Nc3 Ne7 9. Bg5 f6 10. Be3 e5 11. a5 Bg4 12. Be2 Nd7 13. Nd2 Bxe2 14. Nxe2 f5 15. Bg5 O-O 16. f3 Rf7 17.
Qc2 f4 18. Nc3 Qc7 19. Qa4 Nf8 20. b4 Nh7 21. b5 Nxg5 22. hxg5 Nc8 23. bxa6 bxa6 24.
Rb1 Rb8 25. Ke2 Bf8 26. Rxb8 Qxb8 27. Qc6 Qb2 28. Na4 Qb7 29. Qe8 Qd7 30. Qxd7 Rxd7 31. Rb1 Kf7 32. Rb8 Rc7 33. Nb6 Na7 34. Nb3 Be7 35. Na8 Rc8 36. Rxc8 Nxc8 37. Nc7 Bxg5 38.
Nxa6 Bd8 39. Nb8 Bc7 40. Nc6 Ne7 41. a6 Nxc6 42. dxc6 Bb6 43. c7 Bxc7 44. a7 1-0

[Event "Late-Titled-Tuesday-Blitz-September-26-2023"]
[Site "Chess.com"]
[Date "2023.09.26"]
[Round "5"]
[White "Colombiano07"]
[Black "kai_nov"]
[Result "0-1"]
[WhiteElo "2380"]
[BlackElo "2254"]
[TimeControl "180+1"]
[EndTime "14:54:00 PDT"]
[Termination "kai_nov won by resignation"]

1. d4 d5 2. Nf3 Nf6 3. c4 e6 4. Nc3 a6 5. cxd5 exd5 6. Bg5 Be6 7. e3 Bd6 8. Bd3 Nbd7 9. Qd2 h6 10. Bxf6 Nxf6 11.
O-O-O c5 12. Kb1 Rc8 13. e4 cxd4 14. Nxd4 O-O 15. Nxe6 fxe6 16. exd5 Bb4 17. dxe6 Bxc3 18. bxc3 Qb6+ 19. Qb2 Qxe6 20. Qb3 Nd5 21. Qxd5 Qxd5 22. Bh7+ Kxh7 23. Rxd5 Rxf2 24. Rc1 Rxg2 25. Rd7 b5 26. h4 Rc4 27. h5 Rh4 28. Ra7 Ra4 29. Rc2 Rxc2 30. Kxc2 Rxa2+ 31. Kb3 Rh2 32. Rxa6 Rxh5 33. Kb4 Rg5 0-1

[Event "Late-Titled-Tuesday-Blitz-September-26-2023"]
[Site "Chess.com"]
[Date "2023.09.26"]
[Round "5"]
[White "lucasmito"]
[Black "ChadBiryani"]
[Result "0-1"]
[WhiteElo "2719"]
[BlackElo "2508"]
[TimeControl "180+1"]
[EndTime "14:54:03 PDT"]
[Termination "ChadBiryani won by checkmate"]

1. e4 c5 2. Nf3 d6 3. d4 cxd4 4.
Nxd4 Nf6 5. Nc3 g6 6. Be3 Bg7 7. f3 a6 8. Qd2 h5 9. O-O-O b5 10. Kb1 Bb7 11. h3 Nbd7 12. Bd3 Rc8 13. g4 Nc5 14. a3 Nxd3 15. Qxd3 Nd7 16. Nd5 Ne5 17. Qe2 Nc4 18. Bc1 hxg4 19. fxg4 e6 20. Nb4 a5 21. Na2 Qb6 22. Nf3 b4 23. axb4 axb4 24. b3 Ba6 25.
bxc4 Bxc4 26. Qe3 Bxa2+ 27. Kxa2 Ra8+ 28. Kb3 Ra3+ 29. Bxa3 Qxe3+ 30. Rd3 Qxe4 31. Bxb4 O-O 32.
Bxd6 Rc8 33. Rhd1 Qc4+ 34. Ka3 Ra8# 0-1

[Event "Late-Titled-Tuesday-Blitz-September-26-2023"]
[Site "Chess.com"]
[Date "2023.09.26"]
[Round "5"]
[White "Mikhail_Golubev"]
[Black "ATM622"]
[Result "1-0"]
[WhiteElo "2594"]
[BlackElo "2428"]
[TimeControl "180+1"]
[EndTime "14:54:04 PDT"]
[Termination "Mikhail_Golubev won on time"]

1. e4 c6 2. d4 d5 3. Nc3 dxe4 4.
Nxe4 Bf5 5. Ng3 Bg6 6. c3 Nd7 7. Nh3 e5 8. f4 exf4 9. Nxf4 Bd6 10. Bc4 Ngf6 11. Qe2+ Qe7 12. Qxe7+ Bxe7 13. Bd2 O-O 14. O-O-O c5 15. Rhe1 Bd6 16. dxc5 Nxc5 17. Nxg6 hxg6 18. Be3 Nce4 19. Nxe4 Nxe4 20. Rd4 Rfe8 21. Bd3 Bxh2 22.
Rxe4 Red8 23. Bc4 Bd6 24. Rf1 Rd7 25. Rh4 Re8 26. Rfh1 Kf8 27. Bg5 1-0